Map: New Repugnancy LE

Players

Denver

  • Race: Zerg Zerg
  • Spawn Location: 1:00

Serral - Winner!

  • Race: Zerg Zerg
  • Spawn Location: 7:00

Event: 2019 WCS Summer

VOD

Have the link to the VOD?

Description

Time

  • Played on: July 13, 2019, 2:56 p.m.
  • Length: 14:01

All games in this series

Show
View Real Time Build Order
Export as new Build Order

Denver Zerg 

Build Orders: Hatch First 

Get SALT Encoding   

  12  0:00  Drone  
  13  0:12  Overlord  
  13  0:16  Drone  
  14  0:31  Drone x2  
  16  0:48  Hatchery  
  15  0:52  Drone  
  15  0:56  Drone  
  17  1:00  Drone  
  18  1:10  Extractor  
  17  1:15  Spawning Pool  
  16  1:19  Drone  
  16  1:21  Drone  
  18  1:29  Drone  
  19  1:40  Drone  
  20  1:49  Drone  
  21  2:00  Overlord  
  21  2:01  Queen x2  
  21  2:02  Zergling x2  
  26  2:11  Metabolic Boost  
  26  2:12  Drone  
  26  2:14  Drone  
  28  2:25  Drone x2  
  30  2:37  Hatchery  
  30  2:40  Drone  
  30  2:41  Drone  
  31  2:48  Baneling Nest  
  31  2:49  Drone  
  31  2:51  Drone  
  31  2:55  Drone  
  33  2:58  Overlord  
  33  3:05  Zergling x2  
  34  3:10  Zergling x4  
  36  3:14  Overlord  
  36  3:17  Zergling x6  
  36  3:18  Zergling x2  
  40  3:23  Overlord  
  40  3:26  Drone  
  41  3:36  Baneling x2  
  41  3:39  Drone x2  
  43  3:42  Evolution Chamber  
  43  3:43  Drone  
  43  3:45  Drone x2  
  43  3:46  Drone x2  
  47  3:50  Overlord  
  47  3:52  Drone  
  47  3:54  Baneling x2  
  48  3:57  Drone x2  
  48  4:00  Drone  
  48  4:01  Drone  
  52  4:09  Zerg Missile Weapons Level 1  
  51  4:16  Drone x6  
  55  4:21  Drone, Overlord  
  54  4:28  Zergling x8  
  57  4:34  Queen, Overlord  
  57  4:38  Zergling x2, Extractor  
  57  4:39  Zergling x2  
  57  4:44  Drone  
  57  4:45  Roach Warren  
  58  4:46  Extractor  
  58  4:47  Baneling x2  
  58  4:49  Drone x2  
  58  4:52  Overlord  
  59  4:55  Drone x2  
  59  4:56  Drone  
  62  5:00  Overlord  
  62  5:05  Drone x5  
  67  5:13  Drone  
  67  5:15  Overlord  
  67  5:19  Overlord  
  66  5:25  Roach x4  
  74  5:29  Roach  
  74  5:32  Roach  
  74  5:35  Roach x2  
  82  5:36  Roach x2  
  89  5:42  Roach  
  89  5:43  Roach  
  89  5:46  Extractor, Roach  
  90  5:50  Roach  
  90  5:52  Roach x4  
  90  5:54  Overlord  
  98  6:01  Zergling x10  
  98  6:02  Ravager  
  104  6:06  Baneling x2  
  104  6:08  Zergling x2  
  104  6:09  Zergling x6  
  107  6:12  Zergling x2  
  105  6:22  Zergling x4  
  105  6:23  Lair  
  107  6:29  Zergling x2, Roach x6  
  118  6:33  Hatchery  
  118  6:37  Drone  
  114  6:46  Zergling x12  
  116  6:52  Zergling x4  
  111  6:54  Zerg Ground Armor Level 1  
  111  6:55  Zergling x6  
  111  6:58  Roach x2  
  111  7:00  Ravager x2  
  114  7:02  Baneling  
  108  7:11  Roach x3  
  108  7:14  Roach  
  110  7:20  Glial Reconstitution  
  110  7:22  Zergling x4  
  104  7:26  Roach  
  104  7:27  Roach x2  
  104  7:28  Drone x6  
  105  7:38  Zergling x6  
  102  7:47  Evolution Chamber  
  102  7:49  Roach x3  
  103  7:51  Queen  
  103  7:54  Roach x6  
  117  7:58  Drone  
  117  7:59  Drone x3  
  121  8:06  Roach x3  
  121  8:07  Roach  
  121  8:08  Overseer  
  121  8:10  Overlord  
  129  8:18  Overlord  
  129  8:21  Extractor, Roach x2  
  129  8:23  Baneling x2  
  129  8:24  Overlord  
  132  8:29  Extractor, Overlord  
  132  8:34  Roach x2  
  135  8:35  Zerg Missile Weapons Level 2  
  135  8:36  Overlord  
  133  8:42  Drone x7  
  133  8:48  Roach x3  
  146  8:49  Ravager x2  
  146  8:51  Overlord  
  146  8:53  Overlord  
  148  8:57  Overlord  
  148  8:59  Roach  
  148  9:00  Roach  
  152  9:03  Roach x2  
  152  9:07  Pneumatized Carapace  
  152  9:09  Roach x2  
  160  9:15  Roach x3  
  165  9:19  Roach x2  
  168  9:29  Roach x6  
  180  9:32  Overlord  
  180  9:39  Roach x4  
  180  9:43  Ravager x2  
  180  9:44  Overseer, Ravager, Overlord  
  191  9:47  Overlord  
  191  9:49  Overlord  
  191  9:57  Overlord  
  191  10:05  Roach  
  191  10:06  Roach x5  
  194  10:15  Roach x3  
  200  10:23  Burrow  
  200  10:31  Hydralisk Den  
  193  10:39  Roach x4  
  193  10:40  Roach x11  
  182  10:46  Queen x2  
  137  10:56  Roach  
  137  10:57  Roach x5  
  139  11:02  Muscular Augments  
  139  11:04  Hydralisk x4  
  139  11:07  Hydralisk  
  149  11:13  Hydralisk x3  
  155  11:19  Hydralisk x2  
  159  11:28  Roach x5  
  169  11:36  Hydralisk  
  171  11:40  Hydralisk, Extractor  
  171  11:42  Hydralisk  
  173  11:53  Hydralisk x3  
  175  11:55  Overlord  
  175  11:56  Overlord  
  175  12:03  Overlord  
  175  12:11  Overlord  
  175  12:13  Grooved Spines  
  175  12:16  Roach x4  
  179  12:22  Spore Crawler  
  179  12:23  Overlord  
  179  12:27  Roach x8  
  190  12:30  Overlord  
  185  12:39  Roach  
  185  12:40  Roach x5  
  185  12:41  Ravager  
  185  12:42  Ravager x2  
  185  12:43  Ravager x2  
  193  12:53  Roach x3  
  193  12:57  Roach  
  163  13:29  Roach x8  
Show
View Real Time Build Order
Export as new Build Order

Serral Zerg - Winner!

Build Orders: Hatch First 

Get SALT Encoding   

  12  0:00  Drone  
  13  0:10  Drone  
  14  0:17  Overlord  
  14  0:25  Drone, Extractor  
  15  0:36  Drone  
  16  0:48  Hatchery  
  15  0:52  Drone  
  15  0:56  Drone  
  17  0:59  Drone  
  18  1:10  Extractor  
  17  1:14  Spawning Pool  
  17  1:17  Drone  
  17  1:20  Drone  
  18  1:26  Drone  
  19  1:37  Drone  
  20  1:47  Drone  
  21  1:58  Overlord  
  21  2:00  Queen x2  
  25  2:01  Zergling x2  
  26  2:10  Metabolic Boost, Drone  
  26  2:12  Drone  
  28  2:20  Drone  
  28  2:22  Drone  
  30  2:36  Hatchery  
  29  2:38  Zergling x2  
  29  2:40  Zergling x2  
  31  2:49  Baneling Nest  
  31  2:50  Drone  
  31  2:51  Drone  
  32  2:54  Overlord  
  32  2:56  Drone  
  33  3:04  Drone  
  33  3:05  Drone  
  35  3:11  Drone  
  36  3:13  Drone x2  
  36  3:14  Zergling x4  
  36  3:17  Overlord  
  40  3:22  Zergling x2  
  40  3:25  Drone  
  42  3:28  Queen  
  44  3:36  Drone x2, Evolution Chamber  
  44  3:40  Baneling  
  45  3:42  Drone x2  
  47  3:49  Zergling x2  
  47  3:51  Drone x2, Overlord  
  47  3:52  Drone  
  47  3:54  Baneling x2  
  51  3:56  Zergling x2  
  51  3:59  Overlord  
  52  4:04  Zerg Missile Weapons Level 1  
  52  4:08  Extractor  
  49  4:11  Drone x2  
  49  4:12  Drone  
  49  4:15  Drone x2  
  54  4:17  Baneling  
  54  4:18  Zergling x2  
  55  4:24  Drone  
  55  4:25  Overlord  
  55  4:28  Queen  
  51  4:31  Zergling x4  
  51  4:32  Drone x2  
  51  4:34  Drone  
  51  4:35  Drone  
  51  4:37  Baneling  
  56  4:38  Baneling  
  56  4:40  Drone x2  
  58  4:47  Extractor  
  58  4:48  Drone x2, Roach Warren  
  58  4:53  Lair  
  58  4:58  Baneling  
  58  5:00  Drone x3  
  58  5:05  Drone x5  
  65  5:09  Zergling x6  
  68  5:15  Drone, Spore Crawler  
  68  5:16  Drone  
  69  5:22  Pneumatized Carapace  
  69  5:24  Extractor  
  69  5:25  Baneling, Extractor x2  
  69  5:26  Zergling x6  
  71  5:28  Roach  
  71  5:29  Roach  
  71  5:30  Drone x2  
  71  5:31  Drone x2  
  71  5:34  Drone  
  78  5:41  Drone x4  
  81  5:51  Overseer  
  81  5:52  Overlord  
  81  5:58  Overlord x2  
  81  6:05  Overlord  
  81  6:09  Spine Crawler  
  81  6:10  Spine Crawler, Overlord  
  81  6:11  Roach x5  
  89  6:12  Baneling x5  
  97  6:18  Roach x4  
  97  6:22  Spine Crawler  
  95  6:29  Roach x5  
  104  6:33  Roach x2  
  104  6:43  Roach x4  
  102  6:51  Roach x3  
  96  6:56  Roach  
  96  6:57  Roach x3  
  96  7:00  Roach  
  94  7:02  Queen  
  92  7:10  Roach x3  
  94  7:18  Roach x3  
  94  7:19  Queen x2  
  96  7:25  Glial Reconstitution  
  96  7:29  Roach x3  
  96  7:34  Roach  
  89  7:45  Zerg Missile Weapons Level 2  
  89  7:49  Roach x2  
  89  7:50  Roach x2  
  95  7:54  Ravager  
  95  7:55  Ravager  
  95  7:58  Roach x2  
  101  8:02  Overseer  
  101  8:03  Ravager x2  
  101  8:04  Roach x2  
  113  8:13  Overlord  
  113  8:19  Overlord  
  107  8:31  Roach x7  
  107  8:32  Overlord x2  
  107  8:33  Overlord x2  
  121  8:37  Overlord  
  121  8:38  Roach x2  
  125  8:48  Spire, Roach x3  
  128  8:55  Roach  
  132  9:04  Roach x6  
  144  9:16  Drone x3  
  147  9:27  Overlord  
  147  9:28  Drone  
  147  9:29  Roach x6  
  160  9:35  Ravager  
  160  9:36  Hatchery, Ravager x2  
  160  9:38  Overlord x4  
  158  9:48  Roach x3  
  164  9:53  Roach x2  
  166  10:01  Mutalisk x6  
  173  10:11  Mutalisk  
  173  10:12  Mutalisk  
  175  10:16  Drone  
  175  10:17  Roach x2  
  179  10:22  Roach x2  
  179  10:23  Ravager  
  184  10:29  Zerg Flyer Weapons Level 1  
  184  10:38  Roach  
  184  10:39  Roach x4  
  160  10:44  Roach  
  160  10:45  Roach x2  
  152  10:53  Hatchery  
  151  10:58  Mutalisk  
  151  10:59  Mutalisk  
  155  11:06  Mutalisk x2  
  159  11:17  Mutalisk x2  
  163  11:22  Drone  
  163  11:23  Drone x5  
  169  11:30  Drone  
  169  11:31  Centrifical Hooks, Drone x2  
  172  11:37  Roach x3  
  178  11:42  Ravager  
  178  11:44  Overlord  
  178  11:46  Roach x3  
  185  11:51  Zerg Ground Armor Level 1  
  179  11:59  Drone x2, Extractor  
  179  12:00  Drone  
  181  12:14  Roach x5  
  191  12:17  Overlord  
  191  12:18  Zergling x8  
  191  12:19  Zergling x6  
  198  12:33  Zergling x4  
  196  12:38  Baneling x8  
  196  12:39  Baneling x6, Zergling x8  
  196  12:47  Roach x2  
  200  12:52  Baneling x2  
  200  12:53  Baneling x2  
  200  12:58  Baneling x8  
  196  13:03  Drone x2  
  196  13:04  Drone  
  196  13:05  Ravager  
  196  13:25  Roach  
  196  13:26  Roach x7  
  190  13:29  Roach x4  
  190  13:32  Roach  
  190  13:33  Roach x10  
  187  13:39  Overlord x2  
  187  13:41  Roach x3  
Tags
 
Add a new tag
Caveats
  • Supply blocks, unpowered buildings, or Contaminate may cause inaccurate times.
  • Supply counts are checked every 10 seconds.